 Dungeon Crawl Stone Soup version 0.31-a0-258-gd316b798dc (webtiles) character file.

Game seed: 10919381541165758939

100 qw the Shooter (level 4, -3/26 HPs)
             Began as a Gargoyle Hexslinger on July 13, 2023.
             Slain by an orc
             ... wielding a +0 flail
              (7 damage)
             ... on level 3 of the Dungeon.
             The game lasted 00:00:51 (1613 turns).

qw the Shooter (Gargoyle Hexslinger)                Turns: 1613, Time: 00:00:51

Health: -3/26      AC:  8    Str: 11    XL:     4   Next: 74%
Magic:  5/5        EV: 11    Int: 14    God:
Gold:   110        SH:  0    Dex: 14    Spells: 4/5 levels left

rFire   + . .        Y - +1 sling
rCold   + . .        (no shield)
rNeg    + . .        l - +0 leather armour
rPois   inf          d - +0 helmet
rElec   +            g - scarf {rC+ rF+}
rCorr   .            (no gloves)
SInv    .            e - +0 pair of boots
Will    .....        (no amulet)
Stlth   +            (no ring)
HPRegen 0.24/turn    (no ring)
MPRegen 0.09/turn

%: no passive effects
@: no status effects
A: sickness immunity, AC +3, negative energy resistance 1, electricity
resistance, torment resistance 1, petrification resistance
a: no special abilities


You were on level 3 of the Dungeon.
You visited 1 branch of the dungeon, and saw 4 of its levels.

You collected 110 gold pieces.


Innate Abilities, Weirdness & Mutations

You are immune to sickness and miasma.
Your stone body is resilient. (AC +3)
You are immune to poison.
You resist negative energy. (rN+)
You are resistant to electric shocks. (rElec)
You are resistant to unholy torment.
You are immune to petrification.


   Skills:
 - Level 2.0 Fighting
 + Level 4.5 Ranged Weapons
 - Level 1.5 Dodging
 - Level 1.0 Spellcasting
 - Level 2.6 Hexes


You had 4 spell levels left.
You knew the following spells:

 Your Spells              Type           Power      Damage    Failure   Level
a - Slow                  Hex            32%        N/A       12%         1

Your spell library contained the following spells:

 Spells                   Type           Power      Damage    Failure   Level
 Inner Flame              Hex/Fire       4%         N/A       52%         3
 Portal Projectile        Hex/Tloc       8%         N/A       52%         3
 Cause Fear               Hex            4%         N/A       75%         4

Inventory:

Hand Weapons
 Y - a +1 sling (weapon)
Armour
 d - a +0 helmet (worn)
 e - a +0 pair of boots (worn)
 g - a scarf of resistance (worn)
 l - a +0 leather armour (worn)
Jewellery
 b - a ring of protection from cold
Scrolls
 c - a scroll of teleportation {unknown}
 i - a scroll of identify
 j - a scroll of revelation {unknown}
Potions
 a - a potion of attraction {unknown}
 f - a potion of might {unknown}
 h - a potion of enlightenment {unknown}

Dungeon Overview and Level Annotations

Branches:
Dungeon (4/15)
 Temple: D:4-7

Altars:

Shops:
D:3 (


Message History

You kill the bat!
You shoot a sling bullet.
The sling bullet hits the orc but does no damage.
The orc is severely wounded.
The orc hits you but does no damage. The orc barely misses you.
You shoot a sling bullet. The sling bullet barely misses the orc.
The orc completely misses you. The orc hits you with a +0 flail.
You shoot a sling bullet.
The sling bullet hits the orc but does no damage.
The orc is severely wounded.
The orc closely misses you. The orc hits you with a +0 flail.
You shoot a sling bullet.
The sling bullet closely misses the orc.
The orc barely misses you. The orc hits you but does no damage.
The orc wizard gestures wildly while chanting.
The orc wizard flickers and vanishes!
Deactivating autopickup; reactivate with Ctrl-A.
You shoot a sling bullet.
The sling bullet completely misses the orc.
The orc hits you with a +0 hand axe. The orc closely misses you.
The orc barely misses you. The orc misses you.
You shoot a sling bullet. The sling bullet barely misses the orc.
Something hits you but does no damage. The orc closely misses you.
The orc barely misses you.
You shoot a sling bullet.
The sling bullet closely misses the orc.
The orc hits you but does no damage. Something hits you but does no damage.
The orc closely misses you.
You shoot a sling bullet. The sling bullet hits the orc.
You kill the orc!
You hear some strange, mumbled words.
A puff of flame appears from out of thin air!
The puff of flame hits you. You resist. The orc hits you with a +0 flail.
You shoot a sling bullet.
The sling bullet closely misses the orc.
The orc misses you.
You shoot a sling bullet.
The sling bullet closely misses the orc.
Something hits you. The orc hits you with a +0 flail!
You die...

##### #...#######
#.........#
##....#....##
#....###....#
.######)....#...#.###
.....)o@#..###......####
.#....##o.## ##...#.....
#.... ....# #....#####.
#... ##..## ##.........
#... ..## ##...####. #..
## ##..###.. #..
#....##.. ##.......
##...%..


You could see 2 orcs.

Vanquished Creatures
  2 adders (D:1)
  A gnoll (D:1)
  2 worms
  4 dart slugs
  3 orcs (D:3)
  2 endoplasms
  A giant cockroach (D:2)
  A goblin (D:2)
  8 hobgoblins
  4 jackals
  6 kobolds
  4 quokkas
  3 ball pythons
  5 bats
  5 frilled lizards
  5 rats
56 creatures vanquished.

Notes
Turn   | Place    | Note
-------+----------+-------------------------------------------
     0 | D:1      | qw the Gargoyle Hexslinger began the quest for the Orb.
     0 | D:1      | Reached XP level 1. HP: 12/12 MP: 2/2
     0 | D:1      | 0 ||| qw: Version: 0.3-a-52-g30416fa
     0 | D:1      | 0 ||| qw: Game counter: 6818
     0 | D:1      | 0 ||| qw: Melee chars always use a shield: true
     0 | D:1      | 0 ||| qw: God list: Okawaru
     0 | D:1      | 0 ||| qw: Allow faded altars: false
     0 | D:1      | 0 ||| qw: Do Orc after clearing Dungeon:15 true
     0 | D:1      | 0 ||| qw: Do second Lair branch before Depths: true
     0 | D:1      | 0 ||| qw: Lair rune preference: random
     0 | D:1      | 0 ||| qw: Goals: Normal
     0 | D:1      | 0 ||| PLANNING D:1-11
    41 | D:1      | Reached XP level 2. HP: 16/16 MP: 3/3
   139 | D:1      | Reached skill level 3 in Ranged Weapons
   432 | D:1      | 432 ||| UPGRADING to +0 helmet.
   437 | D:1      | 437 ||| UPGRADING to +0 pair of boots.
   442 | D:1      | 442 ||| UPGRADING to scarf of resistance.
   447 | D:1      | 447 ||| READING scroll labelled WUDELO KOXZOYK.
   448 | D:1      | 448 ||| DROPPING scroll of poison.
   492 | D:2      | Reached XP level 3. HP: 20/21 MP: 4/4
   494 | D:2      | 494 ||| STAIRDANCE
   513 | D:2      | 513 ||| STAIRDANCE
   541 | D:2      | You fall into a shaft and drop 2 floors!
   575 | D:3      | Found Deishrut's Antique Weapon Emporium.
   659 | D:2      | Reached XP level 4. HP: 26/26 MP: 5/5
   719 | D:2      | Reached skill level 4 in Ranged Weapons
  1354 | D:2      | 1354 ||| UPGRADING to +0 leather armour.
  1364 | D:2      | 1364 ||| DROPPING +0 robe.
  1365 | D:2      | 1365 ||| READING scroll labelled ZOJ XYGEFRE.
  1366 | D:2      | 1366 ||| READING 2 scrolls labelled XICIULIWYB.
  1367 | D:2      | 1367 ||| READING scroll labelled EPAUMI ZUTOUQEIWE.
  1368 | D:2      | 1368 ||| READING scroll labelled UCHIEHINNE.
  1369 | D:2      | 1369 ||| READING scroll labelled QUANTAABIC.
  1611 | D:3      | HP: 5/26 [orc/+0 flail (3)]
  1613 | D:3      | Slain by an orc

Levels and vault maps discovered:
D:1:      dpeg_arrival_round_c, layout_rooms, minmay_small_reverse_x
D:2:      layout_loops_ring, minivault_25, kennysheep_path_1,
          guppyfry_early_lair_pool
D:3:      minmay_spotlight, layout_rooms, serial_shops, nicolae_shop_tiny_glass,
          nicolae_figureground_pulse
D:4:      layout_rooms, nicolae_overflow_crystal_walls, temple_doors_e,
          serial_demonic, serial_demonic_a, serial_demonic_c, serial_demonic_f,
          serial_demonic_a, st_stairs_4, chequers_serial_rivers_large_a

Skill      XL: |  1  2  3  4 |
---------------+-------------+-----
Ranged Weapons | 3 4 |  4.5
Fighting       | 2 |  2.0
Dodging        | |  1.5
Spellcasting   | |  1.0
Hexes          | |  2.6

Action                     |  1- 3 |  4- 6 || total
---------------------------+-------+-------++-------
   Fire: Sling             |    90 |   108 ||   198
    Use: Scroll            |     1 |     5 ||     6
 Armour: Robe              |    34 |     9 ||    43
         Leather armour    |       |    14 ||    14
  Dodge: Dodged            |    48 |    39 ||    87

Table legend:
 A = Non-vault XP
 B = Vault XP
 C = Vault XP percentage of total XP
 D = Non-vault monster count
 E = Vault monster count
 F = Vault count percentage of total count
                 A         B        C        D         E       F
            +---------+---------+-------+---------+---------+-------
      Total |     129 |      15 |  10.4 |      48 |       8 |  14.3
            +---------+---------+-------+---------+---------+-------
        D:1 |      56 |       6 |   9.7 |      15 |       4 |  21.1
        D:2 |      45 |       0 |   0.0 |      21 |       0 |   0.0
        D:3 |      28 |       9 |  24.3 |      12 |       4 |  25.0
            +---------+---------+-------+---------+---------+-------
